 Dungeon Crawl Stone Soup version 0.26-a0-1139-g7d2dc893a1 (webtiles) character file.

Game seed: 2101711298949166498

75 Dracia the Covered (level 4, 0/35 HPs)
             Began as a Demonspawn Fighter on Dec 21, 2020.
             Slain by Natasha (2 damage)
             ... on level 2 of the Dungeon.
             The game lasted 00:01:10 (990 turns).

Dracia the Covered (Demonspawn Fighter)              Turns: 990, Time: 00:01:10

Health: 0/35       AC:  6    Str: 17    XL:     4   Next: 11%
Magic:  0/4        EV:  7    Int:  9    God:
Gold:   10         SH:  9    Dex: 13    Spells: 3/3 levels left

rFire    . . .     SeeInvis .   a - +0 war axe
rCold    . . .     Faith    .   c - +0 kite shield
rNeg     . . .     Spirit   +   b - +0 scale mail
rPois    .         Reflect  .   (no helmet)
rElec    .         Harm     .   (no cloak)
rCorr    .         Rampage  .   (no gloves)
Will     .....                  (no boots)
Stlth    ..........             (no amulet)
HPRegen  0.11/turn              (no ring)
MPRegen  0.09/turn              (no ring)

@: no status effects
A: magic shield, miasma immunity
a: no special abilities


You were on level 2 of the Dungeon.
You visited 1 branch of the dungeon, and saw 2 of its levels.

You collected 10 gold pieces.


Innate Abilities, Weirdness & Mutations

When hurt, damage is shared between your health and your magic reserves.
You are immune to miasma.


   Skills:
 - Level 3.0 Fighting
 * Level 3.1 Axes
 + Level 3.2 Armour
 + Level 3.2 Shields


You had 3 spell levels left.
You didn't know any spells.
Your spell library was empty.

Inventory:

Hand Weapons
 a - a +0 war axe (weapon)
Missiles
 g - 5 poisoned darts (quivered)
Armour
 b - a +0 scale mail (worn)
 c - a +0 kite shield (worn)
Scrolls
 i - a scroll of amnesia {unknown}
 j - a scroll of identify {unknown}
Potions
 d - 2 potions of might
 e - 2 potions of haste {unknown}
 f - 2 potions of attraction {unknown}
 h - 2 potions of mutation {unknown}
 k - a potion of brilliance {unknown}

Dungeon Overview and Level Annotations

Branches:
Dungeon (2/15)

Altars:

Annotations:
D:2 Natasha

############ #..........#
... #..........###..#
#...............#
#........†...##
#####.§.###...#
.##5...@##<.......
.....##h....# #### ##
...........######## ....
..##.......###....##.....
# #........##.......##..
#..............# .....
#...†...##....####..#
#.......#####......###
#.......# ##........


You could see Natasha and a crimson imp (summoned).


Message History

You closely miss Natasha.
Natasha is severely wounded.
You closely miss the crimson imp. The crimson imp hits you.
* * * LOW HITPOINT WARNING * * *
Natasha claws you.
* * * LOW HITPOINT WARNING * * *
You block the crimson imp's attack.
You barely miss Natasha.
Natasha is severely wounded.
You completely miss the crimson imp. You barely miss the crimson imp.
Natasha claws you.
* * * LOW HITPOINT WARNING * * *
The crimson imp hits you but does no damage.
The crimson imp blinks!
You barely miss Natasha.
Natasha is severely wounded.
You closely miss the crimson imp. Natasha barely misses you.
You block the crimson imp's attack. Natasha claws you but does no damage.
You block the crimson imp's attack.
You closely miss Natasha.
Natasha is heavily wounded.
You hit the crimson imp but do no damage.
The crimson imp disappears in a puff of smoke!
Natasha casts a spell at you. The magic dart hits you.
* * * LOW HITPOINT WARNING * * *
You closely miss Natasha.
Natasha is heavily wounded.
Natasha claws you.
You die...

Skill      XL: |  1  2  3 |
---------------+----------+-----
Axes           | 2 3 |  3.1
Armour         | 3 |  3.2
Shields        | 3 |  3.2
Fighting       | |  3.0

Action                   |  1- 3 |  4- 6 || total
-------------------------+-------+-------++-------
Melee: War axe           |    78 |    11 ||    89
Armor: Scale mail        |    42 |     6 ||    48
Dodge: Dodged            |    14 |     2 ||    16
Block: Kite shield       |    43 |     9 ||    52

Levels and vault maps discovered:
D:1:      nicolae_arrival_washed_ashore, layout_loops_cross
D:2:      minmay_wonky_spiral, layout_rooms, minmay_tetromino_l2, uniq_natasha,
          uniq_sigmund

Notes
Turn   | Place    | Note
-------+----------+-------------------------------------------
     0 | D:1      | Dracia the Demonspawn Fighter began the quest for the Orb.
     0 | D:1      | Reached XP level 1. HP: 18/18 MP: 1/1
    32 | D:1      | Reached skill level 2 in Axes
   169 | D:1      | Gained mutation: You are immune to miasma. [demonic
                  | ancestry]
   169 | D:1      | Reached XP level 2. HP: 24/24 MP: 2/2
   521 | D:1      | Reached skill level 3 in Armour
   766 | D:1      | Reached skill level 3 in Shields
   901 | D:2      | Noticed Natasha
   902 | D:2      | Noticed a crimson imp
   911 | D:2      | Killed Natasha
   912 | D:2      | Gained mutation: When hurt, damage is shared between your
                  | health and your magic reserves. [demonic ancestry]
   912 | D:2      | Reached XP level 3. HP: 12/29 MP: 3/3
   933 | D:2      | Noticed Natasha
   939 | D:2      | Killed Natasha
   940 | D:2      | Reached skill level 3 in Axes
   940 | D:2      | Reached XP level 4. HP: 13/35 MP: 2/4
   976 | D:2      | Noticed Natasha
   989 | D:2      | HP: 2/35 [Natasha/magic dart (2)]
   990 | D:2      | Slain by Natasha

Vanquished Creatures
  Natasha (twice) (D:2)
  A leopard gecko (D:1)
  A ball python (D:1)
  4 bats (D:1)
  A giant cockroach (D:1)
  5 goblins (D:1)
  A hobgoblin (D:1)
  3 jackals (D:1)
  3 kobolds (D:1)
  4 frilled lizards
  3 rats (D:1)
28 creatures vanquished.

Table legend: (Time is in decaauts)
 A = Elapsed time spent in this place.
 B = Non-inter-level travel time spent in this place.
 C = Inter-level travel time spent in this place.
 D = Time resting spent in this place.
 E = Time spent auto-exploring this place.
 F = Levels seen in this place.
 G = Mean time per level.
                   A        B        C        D        E       F      G
               +--------+--------+--------+--------+--------+-----+--------+
         Total |   1030 |    998 |     32 |     58 |    741 |   2 |  515.0 |
       Dungeon |   1030 |    998 |     32 |     58 |    741 |   2 |  515.0 |
               +--------+--------+--------+--------+--------+-----+--------+

Top non-repeatable levels by time:
     D:1: 889 daAuts
     D:2: 140 daAuts

Table legend:
 A = Non-vault XP
 B = Vault XP
 C = Vault XP percentage of total XP
 D = Non-vault monster count
 E = Vault monster count
 F = Vault count percentage of total count
                 A         B        C        D         E       F
            +---------+---------+-------+---------+---------+-------
      Total |      75 |      33 |  30.6 |      27 |       1 |   3.6
            +---------+---------+-------+---------+---------+-------
        D:1 |      39 |       0 |   0.0 |      25 |       0 |   0.0
        D:2 |      36 |      33 |  47.8 |       2 |       1 |  33.3
            +---------+---------+-------+---------+---------+-------
